 Dungeon Crawl Stone Soup version 0.22-a0-580-gd5db89c (webtiles) character file.

15354 Amnesiac the Eclecticist (level 11, 0/74 HPs)
             Began as a Demigod Wizard on July 3, 2018.
             Engulfed by a cloud of noxious fumes (2 damage)
             ... on level 12 of the Dungeon.
             The game lasted 00:38:37 (14361 turns).

Amnesiac the Eclecticist (Demigod Wizard)          Turns: 14361, Time: 00:38:38

Health: 0/74       AC: 12    Str: 10    XL:     11   Next: 68%
Magic:  2/44       EV: 12    Int: 33    God:
Gold:   393        SH:  0    Dex: 14    Spells: 23/41 levels left

rFire    + . .     SeeInvis +   H - +5 bardiche of Perversion {freeze, Fragile MP+9 SInv}
rCold    + . .     Gourm    .   (shield currently unavailable)
rNeg     . . .     Faith    .   B - +1 robe "Qouskoiko" {rF+ rCorr Dex-3}
rPois    .         Spirit   .   L - +1 helmet {SInv}
rElec    .         Reflect  .   s - +0 cloak
rCorr    +         Harm     .   K - +2 pair of gloves {Dex+3}
MR       +....                  A - +2 pair of boots {Fly}
Stlth    +.........             h - amulet of the acrobat
HPRegen  0.22/turn              o - ring of protection from cold
MPRegen  0.29/turn              c - +5 ring of intelligence

@: confused, flying, very slightly contaminated
A: high mp 1
a: Stop Flying


You were on level 12 of the Dungeon.
You were very full.

You visited 1 branch of the dungeon, and saw 14 of its levels.
You also visited: Bailey.

You collected 616 gold pieces.
You spent 223 gold pieces at shops.

Inventory:

Hand Weapons
 a - a +0 dagger of venom
 b - a +3 hunting sling of velocity
 F - a +4 scimitar of flaming
 H - the +5 bardiche of Perversion (weapon) {freeze, Fragile MP+9 SInv}
   (You found it in a bailey)

   It has been specially enchanted to freeze those struck by it, causing extra
   injury to most foes and up to half again as much damage against particularly
   susceptible opponents.
   It can also slow down cold-blooded creatures.
   It affects your magic capacity (+9).
   It lets you see invisible.
   It will be destroyed if unequipped.
Missiles
 f - 358 stones (quivered)
 x - 131 sling bullets
Armour
 s - a +0 cloak (worn)
 A - a +2 pair of boots of flying (worn)
 B - the +1 robe "Qouskoiko" (worn) {rF+ rCorr Dex-3}
   (You bought it in a shop on level 6 of the Dungeon)

   It affects your dexterity (-3).
   It protects you from fire.
   It protects you from acid and corrosion.
 C - the +9 shadow dragon scales of Zycouk {Str+3 Stlth++++}
   (You found it on level 8 of the Dungeon)

   It affects your strength (+3).
   It makes you much more stealthy.
 K - a +2 pair of gloves of dexterity (worn)
 L - a +1 helmet of see invisible (worn)
Jewellery
 c - a +5 ring of intelligence (right hand)
 h - an amulet of the acrobat (around neck)
 o - a ring of protection from cold (left hand)
Wands
 D - a wand of flame (15)
 G - a wand of polymorph (9)
Scrolls
 e - a scroll of fear {!r}
 i - a scroll of enchant armour {!r}
 l - a scroll of magic mapping {!r}
 n - 2 scrolls of amnesia {!r}
 q - 6 scrolls of teleportation {!r}
 v - 5 scrolls of remove curse {!r}
 y - a scroll of fog {!r}
 J - a scroll of identify {!r}
Potions
 g - 7 potions of curing {!q}
 j - 4 potions of mutation {!q}
 k - 3 potions of flight {!q}
 m - 2 potions of invisibility {!q}
 r - a potion of agility {!q}
 u - a potion of haste {!q, unknown}
 w - 2 potions of brilliance {!q}
 z - 2 potions of heal wounds {!q}
 E - 3 potions of lignification {!q}
Comestibles
 d - 23 rations


   Skills:
 - Level 1.7 Dodging
 - Level 1.7 Stealth
 + Level 15.8 Spellcasting
 - Level 0.8 Conjurations
 - Level 0.8 Summonings
 - Level 0.8 Translocations


You had 23 spell levels left.
You knew the following spells:

 Your Spells              Type           Power        Failure   Level  Hunger
a - Iskenderun's Mystic   Conj           ####....     11%         4    None
b - Call Imp              Summ           ####....     1%          2    None
d - Confuse               Hex            ####....     4%          3    None
e - Mephitic Cloud        Conj/Pois/Air  ####....     4%          3    None
s - Conjure Flame         Conj/Fire      ####....     4%          3    None
v - Blink                 Tloc           N/A          1%          2    None
z - Confusing Touch       Hex            ####..       1%          1    None

Your spell library contained the following spells:

 Spells                   Type           Power        Failure   Level  Hunger
 Magic Dart               Conj           ####         1%          1    None
 Slow                     Hex            ####....     2%          2    None
 Metabolic Englaciation   Hex/Ice        ####......   41%         5    None
 Petrify                  Tmut/Erth      ####....     16%         4    None
 Fulminant Prism          Conj/Hex       ####......   13%         4    None
 Dazzling Spray           Conj/Hex       ####..       4%          3    None
 Force Lance              Conj/Tloc      ####....     11%         4    None
 Searing Ray              Conj           ####..       1%          2    None
 Gell's Gravitas          Tloc           ####......   3%          3    None
 Yara's Violent Unravell  Hex/Tmut       ####......   41%         5    None


Dungeon Overview and Level Annotations

Branches:
Dungeon (14/15)            Temple (0/1) D:4            Lair (0/6) D:10
    Orc: D:9-12      Vaults: D:13-14

Shops:
D:6 [   D:11 (


Innate Abilities, Weirdness & Mutations

You have an increased reservoir of magic. (+10% MP)


Message History

Unknown command.
Casting: Iskenderun's Mystic Blast (safe; 11% risk of failure)
Confirm with . or Enter, or press ? or * to list all spells.
Aiming: Iskenderun's Mystic Blast (safe; 11% risk of failure)
Press: ? - help, Shift-Dir - straight line, f/p - yak
Aim: a yak (heavily wounded)
The orb of energy hits the yak.
You kill the yak!
Unknown command.
The yak misses you.
You see here a battleaxe.
There is a large open door here.
Found 21 gold pieces.
Casting: Iskenderun's Mystic Blast (safe; 11% risk of failure)
Confirm with . or Enter, or press ? or * to list all spells.
Aiming: Mephitic Cloud (safe; 4% risk of failure)
Press: ? - help, Shift-Dir - straight line, f - yak
Aim: a yak That beam is likely to hit you.
Continue anyway?
The ball explodes into a vile cloud!
The stinking cloud engulfs the yak.
The stinking cloud engulfs you!
The yak is engulfed in noxious fumes.
The yak appears confused.
The yak gores you!
* * * LOW HITPOINT WARNING * * *
Attack whom?
Press: ? - help, Dir - move target cursor, f/p - yak
Aim: a yak (noxious fumes, lightly wounded, confused)
You hit the yak. You freeze the yak.
The yak is lightly wounded.
The yak is engulfed in noxious fumes.
The yak barely misses you.
A manticore comes into view.
The yak is engulfed in noxious fumes.
The yak appears confused.
The yak barely misses itself.
Attack whom?
Press: ? - help, Dir - move target cursor, f/p - yak
Aim: a yak (lightly wounded, confused)
Okay, then.
Casting: Mephitic Cloud (safe; 4% risk of failure)
Confirm with . or Enter, or press ? or * to list all spells.
You blink.
The manticore barely misses you.
The manticore claws you but does no damage. x2
Found a ration.
Casting: Blink (safe; 1% risk of failure)
Confirm with . or Enter, or press ? or * to list all spells.
Aiming: Mephitic Cloud (safe; 4% risk of failure)
Press: ? - help, Shift-Dir - straight line, f - manticore, p - yak
Aim: a manticore That beam is likely to hit you.
Continue anyway?
The ball explodes into a vile cloud!
The stinking cloud engulfs the manticore.
The stinking cloud engulfs you!
You are engulfed in noxious fumes.
The manticore is engulfed in noxious fumes.
The manticore bites you!!
* * * LOW HITPOINT WARNING * * *
The manticore claws you but does no damage.
The manticore claws you.
* * * LOW HITPOINT WARNING * * *
Unknown command.
Really read
e - 2 scrolls of fear {!r}?
As you read the scroll of fear {!r}, it crumbles to dust.
You assume a fearsome visage.
The yak looks frightened!
The manticore looks frightened!
You are engulfed in noxious fumes.
You choke on the stench!
You are confused.
You die...

### #.. .####..
.......#####
.....§.%...####
.....§H§.......
.....§.@.......
...............
######.#####...
#.# # #.# #Y#
#.# #..# #.#
####.. #.#
#.....


You could see a manticore (fleeing) and a yak (confused).

Vanquished Creatures
  Erica (D:8)
  2 two-headed ogres (D:8)
  The ghost of Amnesiac the Thaumaturge, a journeyman SpWn of Gozag (D:11)
  2 unseen horrors
  Joseph (D:7)
  2 centaur skeletons (D:10)
  2 hornets (D:8)
  2 trolls
  Grinder (D:4)
  2 hippogriffs
  Sigmund (D:2)
  15 yaks
  2 vampires
  3 hungry ghosts
  A fire bat (D:12)
  3 vampire mosquitoes (D:12)
  A soldier ant (D:8)
  16 orc warriors
  A sky beast (D:7)
  6 ogres
  2 wolves (D:10)
  A necrophage (D:10)
  11 centaurs
  8 bullfrogs
  3 scorpions
  4 wights (D:14)
  4 killer bees (D:9)
  5 howler monkeys
  2 bullfrog zombies
  2 electric eels (D:10)
  6 crimson imps
  A quasit (D:10)
  2 orc priests
  11 hounds
  2 jellies (D:8)
  5 orc wizards
  Crazy Yiuf (D:7)
  Jessica (D:2)
  3 bullfrog skeletons
  Natasha (twice) (D:3)
  3 iguanas
  9 worker ants
  A hound zombie (D:5)
  Robin (D:3)
  5 gnolls
  3 howler monkey zombies
  7 adders
  2 shadow imps
  An ooze (D:1)
  3 worms
  A dart slug (D:1)
  4 leopard geckos
  48 orcs
  5 giant cockroaches
  12 goblins
  6 hobgoblins (D:3)
  10 jackals
  6 quokkas
  8 bats
  3 frilled lizards
  A jackal zombie (D:5)
  4 kobolds
  2 quokka skeletons
  A quokka zombie (D:9)
  3 rats (D:1)
  A bush (D:3)
291 creatures vanquished.

Vanquished Creatures (collateral kills)
  Natasha (D:3)
  An adder (D:2)
  A shadow imp (D:8)
3 creatures vanquished.

Vanquished Creatures (others)
  A giant cockroach (D:3)
  A plant (D:3)
2 creatures vanquished.

Grand Total: 296 creatures vanquished

Notes
Turn   | Place    | Note
-------+----------+-------------------------------------------
     0 | D:1      | Amnesiac the Demigod Wizard began the quest for the Orb.
     0 | D:1      | Reached XP level 1. HP: 14/14 MP: 6/6
   145 | D:1      | Reached skill level 3 in Spellcasting
   439 | D:1      | Reached XP level 2. HP: 6/20 MP: 0/9
   617 | D:1      | Learned a level 2 spell: Blink
   620 | D:1      | Learned a level 2 spell: Call Imp
  1491 | D:2      | You fall through a shaft!
  1579 | D:2      | Reached XP level 3. HP: 25/26 MP: 11/11
  1606 | D:2      | Noticed Jessica
  1616 | D:1      | Learned a level 3 spell: Mephitic Cloud
  1713 | D:2      | Noticed Sigmund
  1788 | D:2      | Killed Sigmund
  1788 | D:2      | Reached skill level 5 in Spellcasting
  1788 | D:2      | Reached XP level 4. HP: 22/33 MP: 9/14
  1788 | D:2      | Reached XP level 5. HP: 26/38 MP: 10/16
  1792 | D:2      | Found a shadowy altar of Dithmenos.
  1795 | D:2      | Learned a level 3 spell: Conjure Flame
  1797 | D:2      | Learned a level 1 spell: Confusing Touch
  2161 | D:2      | Killed Jessica
  2291 | D:3      | Noticed Robin
  2373 | D:3      | Killed Robin
  3002 | D:3      | Noticed Natasha
  3015 | D:3      | Killed Natasha
  3015 | D:3      | Reached skill level 6 in Spellcasting
  3015 | D:3      | Reached XP level 6. HP: 36/45 MP: 16/18
  3294 | D:3      | Noticed Natasha
  3305 | D:3      | Killed Natasha
  3770 | D:3      | Noticed Natasha
  3797 | D:3      | Killed Natasha
  4113 | D:4      | Found a staircase to the Ecumenical Temple.
  4178 | D:4      | Found a shattered altar of Ashenzari.
  4315 | D:4      | Noticed Grinder
  4345 | D:4      | Killed Grinder
  4345 | D:4      | Reached skill level 7 in Spellcasting
  4345 | D:4      | Reached XP level 7. HP: 34/50 MP: 8/21
  4953 | D:5      | Entered Level 5 of the Dungeon
  4967 | D:5      | Found an opulent altar of Gozag.
  4967 | D:5      | Found a hazy altar of Hepliaklqana.
  5142 | D:5      | Found a radiant altar of Vehumet.
  5142 | D:5      | Found a sparkling altar of Nemelex Xobeh.
  5216 | D:5      | Found an iron altar of Okawaru.
  5440 | D:5      | Reached skill level 8 in Spellcasting
  6053 | D:6      | Found a snail-covered altar of Cheibriados.
  6072 | D:6      | Found a glowing silver altar of Zin.
  6216 | D:6      | Found Cunyaf's Antique Armour Shoppe.
  6226 | D:6      | Bought a pair of embroidered boots for 127 gold pieces
  6231 | D:6      | Bought a brightly glowing robe for 96 gold pieces
  6231 | D:6      | Identified the +1 robe "Qouskoiko" {rF+ rCorr Dex-3} (You bought it in a shop on level 6 of the Dungeon)
  6435 | D:6      | Reached XP level 8. HP: 57/57 MP: 19/24
  6746 | D:7      | Reached skill level 9 in Spellcasting
  6786 | D:7      | Noticed a hippogriff
  6794 | D:7      | Killed a hippogriff
  6872 | D:7      | Reached skill level 10 in Spellcasting
  7386 | D:7      | Found a blossoming altar of Fedhas.
  7395 | D:7      | Noticed Joseph
  7453 | D:7      | Killed Joseph
  7532 | D:7      | Found a runed door.
  7584 | D:7      | Noticed Crazy Yiuf
  7588 | D:7      | Killed Crazy Yiuf
  7588 | D:7      | Reached XP level 9. HP: 62/62 MP: 24/28
  7862 | D:8      | Noticed Erica
  7948 | D:8      | Reached skill level 11 in Spellcasting
  8232 | D:8      | Got encrusted shadow dragon scales
  8258 | D:8      | Identified the +9 shadow dragon scales of Zycouk {Str+3 Stlth++++} (You found it on level 8 of the Dungeon)
  8309 | D:8      | Noticed a two-headed ogre
  8340 | D:8      | Killed a two-headed ogre
  8581 | D:8      | Reached skill level 12 in Spellcasting
  8825 | D:8      | Noticed a two-headed ogre
  8845 | D:8      | Killed a two-headed ogre
  8852 | D:8      | Killed Erica
  8852 | D:8      | Reached XP level 10. HP: 39/69 MP: 27/31
  8878 | D:8      | Paralysed by a hornet for 2 turns
  8953 | D:8      | Paralysed by a hornet for 2 turns
  8954 | D:8      | Reached skill level 13 in Spellcasting
 10522 | D:10     | Entered Level 10 of the Dungeon
 10834 | D:10     | Learned a level 3 spell: Confuse
 10963 | D:10     | Reached skill level 14 in Spellcasting
 11059 | D:10     | Found a flagged portal.
 11073 | Bailey   | Entered a bailey
 12041 | Bailey   | Reached XP level 11. HP: 74/74 MP: 27/34
 12068 | Bailey   | Got a polished bardiche
 12490 | D:10     | Found a staircase to the Lair.
 12511 | D:10     | Learned a level 4 spell: Iskenderun's Mystic Blast
 12919 | D:10     | Reached skill level 15 in Spellcasting
 13180 | D:11     | Found a runed gate.
 13180 | D:11     | Noticed Amnesiac's ghost (journeyman SpWn)
 13181 | D:11     | Found a runed gate.
 13182 | D:11     | Found a runed gate.
 13182 | D:11     | Found a roughly hewn altar of Beogh.
 13271 | D:11     | Killed Amnesiac's ghost
 13417 | D:11     | Got a faintly glowing battleaxe {chop}
 13417 | D:11     | Got a translucent chain mail
 13529 | D:11     | Identified the +5 bardiche of Perversion {freeze, Fragile MP+9 SInv} (You found it in a bailey)
 13540 | D:11     | Identified the +4 chain mail of the Shining Light {rC+ Regen+ rCorr} (You took it off an orc warrior on level 11 of the Dungeon)
 13551 | D:11     | Identified the +6 battleaxe "Nuheh" {chop, rPois rN+ MR+ Dex-5} (You took it off an orc warrior on level 11 of the Dungeon)
 13631 | D:11     | Found a shattered altar of Ashenzari.
 13719 | D:11     | Found Enaanwea's Antique Weapon Boutique.
 13737 | D:11     | Noticed an unseen horror
 13743 | D:11     | Killed an unseen horror
 13809 | D:11     | You are sucked into a shaft for 3 floors!
 13968 | D:14     | Noticed an unseen horror
 13971 | D:14     | Killed an unseen horror
 13984 | D:12     | Identified a paperback manual
 14360 | D:12     | HP: 3/74 [manticore (20)]
 14361 | D:12     | Engulfed by a cloud of noxious fumes

Vault maps used:
D:1:      dpeg_arrival_court, minmay_split_cup_small
D:2:      grunt_dithmenos_smoke_and_mirrors, uniq_jessica, uniq_sigmund
D:3:      first_ration, serial_forest, infiniplex_forest_lined_3_way,
          infiniplex_forest_clump_medium, infiniplex_forest_lined_room_3,
          infiniplex_forest_straight_3, infiniplex_forest_straight_5,
          infiniplex_forest_clump_medium, corner_web_ring, skrybe_limestone_x,
          uniq_robin, uniq_natasha
D:4:      old_standard_altar, minmay_temple_entry_statues_pillars, uniq_grinder
D:5:      grunt_temple_overflow_open, gammafunk_temple_overflow_wave
D:6:      cheibriados_altar_1, basic_altar, serial_shops, shop
D:7:      fedhas_altar_2, uniq_joseph, uniq_crazy_yiuf_cottage
D:8:      hangedman_pestilent_swarm, uniq_erica
D:9:      nicolae_wwwww
D:10:     erik_lair_island, enter_bailey_2
D:11:     biasface_ghost_orc_armoury, basic_altar, serial_shops, shop,
          kennysheep_little_box, shop, kennysheep_mini
D:12:     minmay_firetagon, orc_0_dummy, minivault_8
D:13:     serial_shops, shop, shop, nicolae_shop_crystal,
          nicolae_shop_statue_plus, serial_glass, glass_columns_a,
          glass_columns_b, glass_columns_a, glass_columns_a, glass_columns_a,
          glass_columns_c, item_on_display_a, feat_on_display
D:14:     grunt_vaults_entry_fortified, minmay_misc_feat_enclosed, spider_trap
Bailey:   bailey_polearm_flooded_kennysheep, bailey

Skill      XL: |  1  2  3  4  5  6  7  8  9 10 11 |
---------------+----------------------------------+-----
Spellcasting   | 3 5 6 7 8 10 12 14 15 | 15.8
Dodging        | |  1.7
Stealth        | |  1.7
Conjurations   | |  0.8
Summonings     | |  0.8
Translocations | |  0.8

Action                   |  1- 3 |  4- 6 |  7- 9 | 10-12 || total
-------------------------+-------+-------+-------+-------++-------
Melee: Unarmed           |     5 |       |       |     1 ||     6
       Dagger            |    28 |   233 |   455 |   439 ||  1155
       Bardiche          |       |       |       |    10 ||    10
 Fire: Hunting sling     |    17 |       |    31 |       ||    48
Throw: Stone             |       |       |       |     1 ||     1
 Cast: Magic Dart        |    49 |       |       |       ||    49
       Call Imp          |     3 |     3 |     1 |     2 ||     9
       Mephitic Cloud    |     1 |    10 |    29 |    51 ||    91
       Conjure Flame     |       |     3 |    24 |    28 ||    55
       Blink             |       |       |     3 |     4 ||     7
       Confuse           |       |       |       |    16 ||    16
       Iskenderun's Myst |       |       |       |    77 ||    77
  Use: Scroll            |    11 |     4 |     5 |     7 ||    27
       Potion            |     1 |       |       |       ||     1
 Stab: Confused          |     2 |     6 |    12 |     6 ||    26
       Sleeping          |       |     6 |     7 |     1 ||    14
       Distracted        |       |     1 |       |       ||     1
  Eat: Chunk             |     3 |     8 |    16 |    18 ||    45
       Ration            |       |       |       |     3 ||     3
Armor: Robe              |    17 |    43 |   158 |   218 ||   436
Dodge: Dodged            |    41 |    96 |   289 |   459 ||   885

Table legend:
 A = Spawn XP
 B = Non-spawn XP
 C = Spawn XP percentage of total XP
 D = Spawn monster count
 E = Non-spawn monster count
 F = Spawn count percentage of total count
 G = Total turns spent on level
                    A         B        C        D         E        F      G
               +---------+---------+-------+---------+---------+-------+---------
         Total |       0 |   21935 |   0.0 |       0 |     293 |   0.0 | 14361
               +---------+---------+-------+---------+---------+-------+---------
           D:1 |       0 |      39 |   0.0 |       0 |      13 |   0.0 |  1423
           D:2 |       0 |     295 |   0.0 |       0 |      17 |   0.0 |   801
           D:3 |       0 |     195 |   0.0 |       0 |      28 |   0.0 |  1861
           D:4 |       0 |     521 |   0.0 |       0 |       9 |   0.0 |   868
           D:5 |       0 |     312 |   0.0 |       0 |      19 |   0.0 |  1039
           D:6 |       0 |     451 |   0.0 |       0 |       8 |   0.0 |   676
           D:7 |       0 |    1593 |   0.0 |       0 |      21 |   0.0 |  1074
           D:8 |       0 |    4948 |   0.0 |       0 |      44 |   0.0 |  1650
           D:9 |       0 |    1144 |   0.0 |       0 |      19 |   0.0 |  1130
          D:10 |       0 |    5112 |   0.0 |       0 |      46 |   0.0 |  1453
          D:11 |       0 |    2169 |   0.0 |       0 |      13 |   0.0 |   701
          D:12 |       0 |    1515 |   0.0 |       0 |       8 |   0.0 |   377
          D:13 |       0 |     220 |   0.0 |       0 |       1 |   0.0 |     9
          D:14 |       0 |    1136 |   0.0 |       0 |       8 |   0.0 |   166
        Bailey |       0 |    2285 |   0.0 |       0 |      39 |   0.0 |  1133
               +---------+---------+-------+---------+---------+-------+---------
